 Dungeon Crawl Stone Soup version 0.23.2-40-g277498a001 (webtiles) character file.

Game seed: 13888417985930526896

21 Exodus22XD the Magician (level 2, -4/19 HPs)
             Began as a Mummy Ice Elementalist on Sept 7, 2019.
             Killed from afar by a dart slug (6 damage)
             ... with a slug dart
             ... on level 2 of the Dungeon.
             The game lasted 00:02:07 (997 turns).

Exodus22XD the Magician (Mummy Ice Elementalist)     Turns: 997, Time: 00:02:07

Health: -4/19      AC:  2    Str: 11    XL:     2   Next: 62%
Magic:  0/6        EV: 12    Int: 14    God:
Gold:   35         SH:  0    Dex: 12    Spells: 6/7 levels left

rFire    x . .     SeeInvis .   c - +0 dagger
rCold    + . .     Gourm    .   (no shield)
rNeg     + + +     Faith    .   a - +0 robe
rPois    ∞         Spirit   .   (no helmet)
rElec    .         Reflect  .   (no cloak)
rCorr    .         Harm     .   (no gloves)
MR       .....                  (no boots)
Stlth    ++........             (no amulet)
HPRegen  0.06/turn              (no ring)
MPRegen  0.10/turn              (no ring)

@: no status effects
A: no food or potions, fire vulnerability, cold resistance 1, negative energy
resistance 3, torment resistance, unbreathing
a: no special abilities


You were on level 2 of the Dungeon.
You were not hungry.

You visited 1 branch of the dungeon, and saw 2 of its levels.

You collected 35 gold pieces.

Inventory:

Hand Weapons
 c - a +0 dagger (weapon)
Armour
 a - a +0 robe (worn)
Scrolls
 b - 2 scrolls of magic mapping {unknown}
 d - a scroll of immolation {unknown}
 e - a scroll of enchant weapon {unknown}


   Skills:
 + Level 0.2 Fighting
 + Level 1.7 Dodging
 - Level 1.5 Stealth
 + Level 3.1 Spellcasting
   Level 0.7 Conjurations
 + Level 2.9 Ice Magic


You had 6 spell levels left.
You knew the following spells:

 Your Spells              Type           Power        Failure   Level  Hunger
a - Freeze                Ice            ##..         6%          1    N/A

Your spell library contained the following spells:

 Spells                   Type           Power        Failure   Level  Hunger
 Throw Frost              Conj/Ice       #.....       16%         2    N/A
 Ozocubu's Armour         Chrm/Ice       #.......     34%         3    N/A
 Throw Icicle             Conj/Ice       #.......     69%         4    N/A
 Summon Ice Beast         Ice/Summ       #.......     75%         4    N/A

Dungeon Overview and Level Annotations

Branches:
Dungeon (1/15)

Altars:


Innate Abilities, Weirdness & Mutations

You do not eat or drink.
Your flesh is vulnerable to fire.
You are immune to poison.
Your flesh is cold resistant. (rC+)
You are immune to negative energy. (rN+++)
You are immune to unholy pain and torment.
You can survive without breathing.


Message History

The worker ant closely misses you.
Found 17 stones.
The worker ant bites you.
* * * LOW HITPOINT WARNING * * *
A goblin comes into view. It is wielding a -1 club.
The worker ant misses you.
You see here 17 stones.
Casting: Freeze (safe; 6% risk of failure)
Confirm with . or Enter, or press ? or * to list all spells.
Aiming: Freeze (safe; 6% risk of failure)
Press: ? - help, Shift-Dir - straight line, f/p - worker ant
Aim: a worker ant (severely wounded)
You freeze the worker ant.
The worker ant is almost dead.
The worker ant barely misses you.
A dart slug comes into view.
The goblin shouts!
The dart slug launches a dart at you. The slug dart hits you.
You die...

#. ..# ..... .####.#
#...# .....# #...#
..#.# #.>.##### #
#.#.# #........
#.##.#w#######...#####
#..g...#........>.....
#..a.(.............
##@##..............
#.######.......### #.#
#.#........ #.#
#.#...#.### #.#
#.#...#.# #.#
###.#...#.### #.#
............. #.#
#...#..#####
.............


You could see a worker ant, a dart slug and a goblin.

Vanquished Creatures
  A leopard gecko (D:1)
  3 giant cockroaches
  3 goblins
  A hobgoblin (D:1)
  3 bats (D:1)
  A frilled lizard (D:1)
  5 kobolds
  2 rats
19 creatures vanquished.

Notes
Turn   | Place    | Note
-------+----------+-------------------------------------------
     0 | D:1      | Exodus22XD the Mummy Ice Elementalist began the quest for
                  | the Orb.
     0 | D:1      | Reached XP level 1. HP: 13/13 MP: 4/4
   154 | D:1      | Reached skill level 3 in Spellcasting
   364 | D:1      | Reached XP level 2. HP: 13/19 MP: 3/6
   852 | D:1      | You fall through a shaft!
   997 | D:2      | Killed from afar by a dart slug

Skill      XL: |  1 |
---------------+----+-----
Spellcasting   | 3 |  3.1
Fighting       | |  0.2
Dodging        | |  1.7
Stealth        | |  1.5
Conjurations   | |  0.7
Ice Magic      | |  2.9

Action                   || total
-------------------------++-------
Melee: Dagger            ||     7
       Unarmed           ||     1
 Cast: Freeze            ||    39
Armor: Robe              ||     8
Dodge: Dodged            ||    35
